Golden Knights vs Predators
(R1)
Created - March 12, 2021 at 19:18
Goals
|
| Golden Knights |
1 |
3 |
4 |
8 |
| Predators |
0 |
0 |
1 |
1 |
|
Shots
|
| Golden Knights |
7 |
12 |
15 |
34 |
| Predators |
7 |
8 |
10 |
25 |
|
1st period
1. Golden Knights , Michael Frolik 39 (Sergei Plotnikov 17, Mathew Dumba 18) at 5:31
Penalties :
Jaden Schwartz (Nas) for Hooking (Minor) at 1:33, Vladimir Mihalik (Vgs) for Tripping (Minor) at 7:58
2nd period
2. Golden Knights , Andrei Loktionov 24 (Wes O'Neill 17, Michael Frolik 35) at 1:04
3. Golden Knights , Ilya Kovalchuk 19 (Zach Bogosian 41, Matt Stajan 29) at 1:59 (PP)
4. Golden Knights , Sergei Plotnikov 8 (Michael Frolik 36, Zach Bogosian 42) at 3:15 (PP)
Penalties :
Justin Faulk (Nas) for Hooking (Minor) at 1:16, Jaden Schwartz (Nas) for Hooking (Minor) at 2:33, Sergei Plotnikov (Vgs) for Goalie Interference (Minor) at 9:36, Josh Morrissey (Nas) for Roughing (Minor) at 14:35, Vladimir Mihalik (Vgs) for Hooking (Minor) at 18:11
3rd period
5. Golden Knights , Ilya Kovalchuk 20 (Zach Bogosian 43) at 3:34
6. Golden Knights , Sergei Plotnikov 9 (Andrei Loktionov 38, Michael Frolik 37) at 5:55
7. Golden Knights , Nathan Horton 11 (Jared Cowen 23, Chris Tierney 8) at 12:37
8. Predators , Alexander Ovechkin 31 (John Moore 13, Mikael Granlund 49) at 12:55
9. Golden Knights , Patrice Cormier 6 (Wayne Simmonds 12, Vladimir Mihalik 10) at 15:31
Penalties :
Ryan Kesler (Nas) for Holding (Minor) at 7:15, John Moore (Nas) for High sticking (Double Minor) at 18:08, Ryan Mcdonagh (Nas) for Holding (Minor) at 18:52
Goalie Stats
Ondrej Pavelec (Vgs), 24 saves from 25 shots - (0.960), W, 27-18-6, 60:00 minutes
Anders Lindback (Nas), 16 saves from 20 shots - (0.800), 36:45 minutes
Viktor Fasth (Nas), 10 saves from 14 shots - (0.714), L, 22-17-3, 23:15 minutes
Players Stats for Golden Knights
Player Name G A P +/- PIM S H SB GA TA FO MP PP MP PK MP
------------------------------------------------------------------------------------
Andrei Loktionov 1 1 2 3 0 6 2 0 1 1 7/15 16:44 0:00 2:50
Chris Tierney 0 1 1 1 0 0 0 0 0 0 3/5 8:28 0:00 0:03
Ilya Kovalchuk 2 0 2 2 0 2 3 0 1 1 1/3 18:30 4:38 3:04
Jared Cowen 0 1 1 2 0 0 0 1 0 0 0/0 22:47 4:24 3:17
Mathew Dumba 0 1 1 2 0 0 3 1 0 1 0/0 22:34 4:49 2:51
Matt Stajan 0 1 1 -1 0 2 0 2 0 0 6/15 16:35 4:38 0:00
Michael Frolik 1 3 4 3 0 6 0 1 0 1 3/3 21:26 4:35 2:50
Michael Kostka 0 0 0 0 0 2 0 2 0 0 0/0 16:29 0:00 1:09
Nathan Horton 1 0 1 1 0 2 3 0 0 0 1/1 11:45 0:00 3:04
Patrice Cormier 1 0 1 2 0 1 0 0 1 0 2/5 10:11 0:00 0:00
Sergei Plotnikov 2 1 3 3 2 6 2 0 0 0 4/10 18:22 4:35 0:00
Shawn Matthias 0 0 0 1 0 0 1 0 0 0 0/0 8:25 0:00 0:00
Thomas Vanek 0 0 0 -1 0 0 1 1 0 1 0/0 16:21 4:35 0:03
Vladimir Mihalik 0 1 1 3 4 0 0 0 1 3 0/0 15:24 0:00 1:11
Vladimir Zharkov 0 0 0 -1 0 1 2 1 0 0 0/0 16:34 4:38 0:00
Wayne Simmonds 0 1 1 2 0 2 3 1 1 0 0/1 10:11 0:00 0:00
Wes O'Neill 0 1 1 0 0 2 6 2 0 0 0/0 24:03 4:49 3:06
Zach Bogosian 0 3 3 3 0 2 0 0 0 0 0/0 19:10 4:24 0:20
Players Stats for Predators
Player Name G A P +/- PIM S H SB GA TA FO MP PP MP PK MP
------------------------------------------------------------------------------------
Alexander Ovechkin 1 0 1 -2 0 5 4 1 0 0 0/1 22:26 3:16 0:33
Andy Miele 0 0 0 -1 0 2 1 0 0 0 4/7 13:31 0:00 2:28
Brendan Gallagher 0 0 0 -2 0 2 1 0 0 0 0/1 21:14 2:38 5:02
Byron Bitz 0 0 0 -1 0 1 2 1 3 0 0/0 14:03 0:03 2:34
Chris Higgins 0 0 0 -1 0 1 0 0 0 0 1/1 11:48 0:10 0:00
Dmitri Kalinin 0 0 0 0 0 0 0 0 0 1 0/0 5:38 0:00 1:20
Jack Eichel 0 0 0 -2 0 0 1 0 1 0 4/9 17:01 2:38 0:49
Jaden Schwartz 0 0 0 -2 4 1 1 2 0 2 5/7 20:57 2:38 4:18
John Moore 0 1 1 1 4 1 0 0 0 0 0/0 20:49 2:21 3:23
Josh Morrissey 0 0 0 -3 2 0 0 0 0 0 0/0 9:33 0:00 0:03
Justin Abdelkader 0 0 0 0 0 1 1 0 1 0 0/1 5:58 0:00 0:00
Justin Faulk 0 0 0 -3 2 5 2 2 0 1 0/0 26:19 3:36 5:19
Mark Pysyk 0 0 0 1 0 1 1 0 0 0 0/0 15:28 2:21 0:00
Mikael Granlund 0 1 1 -2 0 2 1 0 0 0 0/0 17:03 3:16 0:00
Nate Schmidt 0 0 0 -3 0 0 1 3 0 1 0/0 13:11 0:00 3:11
Nik Antropov 0 0 0 0 0 0 0 0 0 0 0/0 5:20 0:00 0:00
Ryan Kesler 0 0 0 -2 2 1 2 0 0 0 17/31 19:39 3:12 1:35
Ryan Mcdonagh 0 0 0 -3 2 2 0 2 3 0 0/0 29:35 3:36 5:09
3 Stars
1 - Michael Frolik (Vgs)
2 - Sergei Plotnikov (Vgs)
3 - Ilya Kovalchuk (Vgs)
Power Play
Golden Knights - 2 on 7 Attempt(s) - 28.57%
Predators - 0 on 4 Attempt(s) - 0.00%
Penalty Kill
Golden Knights - 4 on 4 Attempt(s) - 100.00%
- Score 0 goal in Penalty Kill
Predators - 5 on 7 Attempt(s) - 71.43%
- Score 0 goal in Penalty Kill
Team Stat
Golden Knights - Hits : 26 - Faceoff Wins : 27 - Blocked Shots : 12 - Penalty Minutes : 6
Predators - Hits : 18 - Faceoff Wins : 31 - Blocked Shots : 11 - Penalty Minutes : 16
Official
Referees : Unknown
Linesman : Unknown
Game Notes
Anders Lindback enters game at 3:15 of 2nd period
5:55 of 3rd period - Golden Knights goal is going for a video replay. After video review, Goal.
13:10 of 3rd period - Penalty Shot by Thomas Vanek for Golden Knights - Shot Misses the Net
Finance
Level 1 -- Attendance: 5292 (88.20%) -- Ticket Income $592,704
Level 2 -- Attendance: 4194 (83.88%) -- Ticket Income $293,580
Level 3 -- Attendance: 1497 (74.85%) -- Ticket Income $71,856
Level 4 -- Attendance: 3036 (75.90%) -- Ticket Income $106,260
Luxury Box -- Attendance: 816 (81.60%) -- Ticket Income $161,568
Game was played at the Wildcat center.
Total Attendance: 14835 (82.42%)
Total Ticket Income: $1,225,968
Other Income: $183,895
Total Income: $1,409,863
Golden Knights
5 vs 5 Forward
Center Left Wing Right Wing Time % Phy DF OF
1 Andrei Loktionov Sergei Plotnikov Michael Frolik 30 1 2 2
2 Matt Stajan Thomas Vanek Vladimir Zharkov 27 1 2 2
3 Patrice Cormier Ilya Kovalchuk Wayne Simmonds 23 1 2 2
4 Chris Tierney Shawn Matthias Nathan Horton 20 1 2 2
5 vs 5 Defense
Defense Defense Time % Phy DF OF
1 Wes O'Neill Michael Kostka 35 1 2 2
2 Vladimir Mihalik Zach Bogosian 35 1 2 2
3 Mathew Dumba Jared Cowen 30 1 2 2
4 Zach Bogosian Jared Cowen 0 1 2 2
PowerPlay Forward
Center Left Wing Right Wing Time % Phy DF OF
1 Matt Stajan Ilya Kovalchuk Vladimir Zharkov 50 1 2 2
2 Sergei Plotnikov Thomas Vanek Michael Frolik 50 1 2 2
PowerPlay Defense
Defense Defense Time % Phy DF OF
1 Zach Bogosian Jared Cowen 50 1 2 2
2 Wes O'Neill Mathew Dumba 50 1 2 2
Penalty Kill 4 Players Forward
Center Wing Time % Phy DF OF
1 Ilya Kovalchuk Nathan Horton 50 1 2 2
2 Andrei Loktionov Michael Frolik 50 1 2 2
Penalty Kill 4 Players Defense
Defense Defense Time % Phy DF OF
1 Wes O'Neill Jared Cowen 50 1 2 2
2 Vladimir Mihalik Mathew Dumba 50 1 2 2
Penalty Kill - 3 Players Forward
Forward Time % Phy DF OF
1 Ilya Kovalchuk 60 1 2 2
2 Michael Frolik 40 1 2 2
Penalty Kill - 3 Players Defense
Defense Defense Time % Phy DF OF
1 Vladimir Mihalik Jared Cowen 69 1 2 2
2 Michael Kostka Mathew Dumba 31 1 2 2
4 vs 4 Forward
Center Wing Time % Phy DF OF
1 Andrei Loktionov Shawn Matthias 60 1 2 2
2 Chris Tierney Nathan Horton 40 1 2 2
4 vs 4 Defense
Defense Defense Time % Phy DF OF
1 Mathew Dumba Michael Kostka 60 1 2 2
2 Vladimir Mihalik Jared Cowen 40 1 2 2
Last Minutes Offensive
Center Left Wing Right Wing Defense Defense
Andrei Loktionov Ilya Kovalchuk Vladimir Zharkov Zach Bogosian Mathew Dumba
Last Minutes Defensive
Center Left Wing Right Wing Defense Defense
Matt Stajan Sergei Plotnikov Michael Frolik Jared Cowen Vladimir Mihalik
Goaltenders
Starting : Ondrej Pavelec
Backup : Matt Hackett
Extra Forwards
Normal : Chris Tierney, Nathan Horton, Thomas Vanek - PP : Chris Tierney, Vladimir Zharkov - PK : Nathan Horton
Extra Defensemen
Normal : Vladimir Mihalik, Mathew Dumba, Michael Kostka - PP : Vladimir Mihalik - PK : Jared Cowen, Michael Kostka
Penalty Shots
Michael Frolik, Ilya Kovalchuk, Andrei Loktionov, Matt Stajan, Wayne Simmonds
Scratches
Jamie Oleksiak (Healthy)
Predators
5 vs 5 Forward
Center Left Wing Right Wing Time % Phy DF OF
1 Ryan Kesler Alexander Ovechkin Mikael Granlund 40 1 2 2
2 Jack Eichel Jaden Schwartz Brendan Gallagher 30 1 2 2
3 Andy Miele Chris Higgins Byron Bitz 20 1 2 2
4 Justin Abdelkader Alexander Ovechkin Nik Antropov 10 1 2 2
5 vs 5 Defense
Defense Defense Time % Phy DF OF
1 Ryan Mcdonagh Justin Faulk 40 1 2 2
2 John Moore Mark Pysyk 30 1 2 2
3 Nate Schmidt Josh Morrissey 20 1 2 2
4 Ryan Mcdonagh Dmitri Kalinin 10 1 2 2
PowerPlay Forward
Center Left Wing Right Wing Time % Phy DF OF
1 Ryan Kesler Alexander Ovechkin Mikael Granlund 60 1 1 3
2 Jack Eichel Jaden Schwartz Brendan Gallagher 40 1 1 3
PowerPlay Defense
Defense Defense Time % Phy DF OF
1 Ryan Mcdonagh Justin Faulk 60 1 1 3
2 John Moore Mark Pysyk 40 1 1 3
Penalty Kill 4 Players Forward
Center Wing Time % Phy DF OF
1 Jaden Schwartz Brendan Gallagher 60 1 2 2
2 Andy Miele Byron Bitz 40 1 2 2
Penalty Kill 4 Players Defense
Defense Defense Time % Phy DF OF
1 Ryan Mcdonagh Justin Faulk 60 1 2 2
2 John Moore Nate Schmidt 40 1 1 3
Penalty Kill - 3 Players Forward
Forward Time % Phy DF OF
1 Jaden Schwartz 60 1 2 2
2 Byron Bitz 40 1 2 2
Penalty Kill - 3 Players Defense
Defense Defense Time % Phy DF OF
1 Ryan Mcdonagh Justin Faulk 60 1 2 2
2 John Moore Nate Schmidt 40 1 1 3
4 vs 4 Forward
Center Wing Time % Phy DF OF
1 Mikael Granlund Alexander Ovechkin 60 1 2 2
2 Jaden Schwartz Brendan Gallagher 40 1 2 2
4 vs 4 Defense
Defense Defense Time % Phy DF OF
1 Ryan Mcdonagh Justin Faulk 60 1 2 2
2 John Moore Mark Pysyk 40 1 2 2
Last Minutes Offensive
Center Left Wing Right Wing Defense Defense
Jack Eichel Alexander Ovechkin Mikael Granlund Ryan Mcdonagh Justin Faulk
Last Minutes Defensive
Center Left Wing Right Wing Defense Defense
Andy Miele Jaden Schwartz Brendan Gallagher John Moore Ryan Mcdonagh
Goaltenders
Starting : Viktor Fasth
Backup : Anders Lindback
Extra Forwards
Normal : Alexander Ovechkin, Justin Abdelkader, Byron Bitz - PP : Alexander Ovechkin, Chris Higgins - PK : Ryan Kesler
Extra Defensemen
Normal : Nate Schmidt, Dmitri Kalinin, John Moore - PP : Dmitri Kalinin - PK : Justin Faulk, John Moore
Penalty Shots
Jaden Schwartz, Jack Eichel, Alexander Ovechkin, Ryan Kesler, Ryan Mcdonagh
Scratches
Alexander Edler (Right Hand Injury)
% Time on Ice - Golden Knights
Lines # - Real PCT - Wanted PCT - Time Play
Normal Forward
1 - 31% - 30% - 13:47
2 - 28% - 27% - 12:27
3 - 23% - 23% - 10:11
4 - 19% - 20% - 8:25
Normal Defense
1 - 35% - 35% - 15:54
2 - 34% - 35% - 15:09
3 - 31% - 30% - 13:47
4 - 0% - 0% - 0:00
PP Forward
1 - 50% - 50% - 4:38
2 - 50% - 50% - 4:35
PP Defense
1 - 48% - 50% - 4:24
2 - 52% - 50% - 4:49
PK Forward
1 - 52% - 50% - 3:04
2 - 48% - 50% - 2:53
PK Defense
1 - 52% - 50% - 3:05
2 - 48% - 50% - 2:52
PK3 Forward
1 - 0% - 60%
2 - 0% - 40%
PK3 Defense
1 - 0% - 69%
2 - 0% - 31%
44 Forward
1 - 0% - 60%
2 - 0% - 40%
44 Defense
1 - 0% - 60%
2 - 0% - 40%
Last Minute Offensive - 0:00
Last Minute Defensive - 0:00
Total
Forward - 60:00
Defense - 60:00
|
% Time on Ice - Predators
Lines # - Real PCT - Wanted PCT - Time Play
Normal Forward
1 - 34% - 40% - 15:04
2 - 30% - 30% - 13:23
3 - 25% - 20% - 11:03
4 - 12% - 10% - 5:20
Normal Defense
1 - 39% - 40% - 17:25
2 - 32% - 30% - 14:13
3 - 20% - 20% - 8:54
4 - 10% - 10% - 4:18
PP Forward
1 - 56% - 60% - 3:19
2 - 44% - 40% - 2:38
PP Defense
1 - 61% - 60% - 3:36
2 - 39% - 40% - 2:21
PK Forward
1 - 70% - 60% - 5:38
2 - 30% - 40% - 2:28
PK Defense
1 - 61% - 60% - 4:58
2 - 39% - 40% - 3:08
PK3 Forward
1 - 91% - 60% - 1:01
2 - 9% - 40% - 0:06
PK3 Defense
1 - 96% - 60% - 1:04
2 - 4% - 40% - 0:03
44 Forward
1 - 0% - 60%
2 - 0% - 40%
44 Defense
1 - 0% - 60%
2 - 0% - 40%
Last Minute Offensive - 0:00
Last Minute Defensive - 0:00
Total
Forward - 60:00
Defense - 60:00
|
Play-by-Play
1st period
0:01 of 1st period - Sergei Plotnikov wins face-off versus Ryan Kesler in neutral zone.
0:26 of 1st period - Ryan Mcdonagh is hit by Wes O'Neill and loses puck.
0:35 of 1st period - Snap shot by Vladimir Zharkov.
0:35 of 1st period - Shot Misses the Net.
0:37 of 1st period - Slapshot by Michael Kostka.
0:37 of 1st period - Stopped by Viktor Fasth without a rebound.
0:38 of 1st period - Chris Higgins wins face-off versus Wayne Simmonds in Predators zone.
0:54 of 1st period - Snap shot by Chris Higgins.
0:54 of 1st period - Shot Blocked by Wayne Simmonds.
1:33 of 1st period - Minor Penalty to Jaden Schwartz for Hooking.
1:34 of 1st period - Ryan Kesler wins face-off versus Matt Stajan in Predators zone.
1:38 of 1st period - Snap shot by Matt Stajan.
1:38 of 1st period - Shot Misses the Net.
2:00 of 1st period - Ryan Mcdonagh is hit by Wes O'Neill and loses puck.
2:05 of 1st period - Slapshot by Zach Bogosian.
2:05 of 1st period - Stopped by Viktor Fasth without a rebound.
2:06 of 1st period - Ryan Kesler wins face-off versus Sergei Plotnikov in Predators zone.
3:33 of 1st period - Penalty to Jaden Schwartz is over, Jaden Schwartz is back on ice.
3:43 of 1st period - Snap shot by Chris Tierney.
3:43 of 1st period - Deflect By Shawn Matthias.
3:43 of 1st period - Shot Blocked by Ryan Mcdonagh.
3:43 of 1st period - Puck is out of play.
3:44 of 1st period - Ryan Kesler wins face-off versus Chris Tierney in Predators zone.
4:19 of 1st period - Snap shot by Andrei Loktionov.
4:19 of 1st period - Stopped by Viktor Fasth with a rebound.
4:21 of 1st period - Slapshot by Sergei Plotnikov.
4:21 of 1st period - Stopped by Viktor Fasth with a rebound.
4:57 of 1st period - Wrist shot by Andy Miele.
4:57 of 1st period - Shot Misses the Net.
4:59 of 1st period - Slapshot by John Moore.
4:59 of 1st period - Stopped by Ondrej Pavelec without a rebound.
5:00 of 1st period - Andrei Loktionov wins face-off versus Andy Miele in Golden Knights zone.
5:31 of 1st period - Snap shot by Michael Frolik.
5:31 of 1st period - Goal by Michael Frolik - Golden Knights : 1 - Predators : 0.
5:32 of 1st period - Ryan Kesler wins face-off versus Patrice Cormier in neutral zone.
5:37 of 1st period - Wayne Simmonds is hit by Ryan Kesler and loses puck.
6:47 of 1st period - Backhand shot by Alexander Ovechkin.
6:47 of 1st period - Stopped by Ondrej Pavelec with a rebound.
6:49 of 1st period - Slapshot by Mark Pysyk.
6:49 of 1st period - Stopped by Ondrej Pavelec with a rebound.
6:51 of 1st period - Wrist shot by Justin Abdelkader.
6:51 of 1st period - Shot Misses the Net.
6:53 of 1st period - Snap shot by Nik Antropov.
6:53 of 1st period - Shot Misses the Net.
7:11 of 1st period - Patrice Cormier is hit by Brendan Gallagher and loses puck.
7:28 of 1st period - Snap shot by Matt Stajan.
7:28 of 1st period - Stopped by Viktor Fasth with a rebound.
7:58 of 1st period - Minor Penalty to Vladimir Mihalik for Tripping.
7:59 of 1st period - Nathan Horton wins face-off versus Ryan Kesler in Golden Knights zone.
8:08 of 1st period - Slapshot by Ryan Kesler.
8:08 of 1st period - Shot Misses the Net.
8:34 of 1st period - Wrist shot by Jack Eichel.
8:34 of 1st period - Shot Misses the Net.
8:36 of 1st period - Slapshot by Ryan Mcdonagh.
8:36 of 1st period - Stopped by Ondrej Pavelec with a rebound.
8:38 of 1st period - Slapshot by Ryan Mcdonagh.
8:38 of 1st period - Shot Blocked by Jared Cowen.
8:54 of 1st period - Wrist shot by Ilya Kovalchuk.
8:54 of 1st period - Shot Blocked by Jaden Schwartz.
9:58 of 1st period - Penalty to Vladimir Mihalik is over, Vladimir Mihalik is back on ice.
12:52 of 1st period - Nate Schmidt is hit by Nathan Horton and loses puck.
13:33 of 1st period - Slapshot by Sergei Plotnikov.
13:33 of 1st period - Stopped by Viktor Fasth without a rebound.
13:34 of 1st period - Andy Miele wins face-off versus Chris Tierney in Predators zone.
14:18 of 1st period - Slapshot by Ryan Mcdonagh.
14:18 of 1st period - Shot Blocked by Thomas Vanek.
14:20 of 1st period - Slapshot by Ryan Mcdonagh.
14:20 of 1st period - Deflect By Thomas Vanek.
14:20 of 1st period - Stopped by Ondrej Pavelec without a rebound.
14:21 of 1st period - Matt Stajan wins face-off versus Alexander Ovechkin in Golden Knights zone.
14:21 of 1st period - Matt Stajan is hit by Ryan Kesler.
14:53 of 1st period - Slapshot by Alexander Ovechkin.
14:53 of 1st period - Stopped by Ondrej Pavelec without a rebound.
14:54 of 1st period - Sergei Plotnikov wins face-off versus Jack Eichel in Golden Knights zone.
16:05 of 1st period - Brendan Gallagher is hit by Wes O'Neill and loses puck.
16:43 of 1st period - Andy Miele is hit by Wayne Simmonds and loses puck.
16:56 of 1st period - Slapshot by Byron Bitz.
16:56 of 1st period - Stopped by Ondrej Pavelec without a rebound.
16:57 of 1st period - Ryan Kesler wins face-off versus Andrei Loktionov in Golden Knights zone.
18:12 of 1st period - Justin Faulk is hit by Thomas Vanek and loses puck.
18:36 of 1st period - Wrist shot by Brendan Gallagher.
18:36 of 1st period - Shot Misses the Net.
18:51 of 1st period - Ilya Kovalchuk is hit by Byron Bitz.
19:25 of 1st period - Vladimir Zharkov is hit by Alexander Ovechkin and loses puck.
Goals for this period are 1 for Golden Knights vs 0 for Predators.
Shots for this period are 7 for Golden Knights vs 7 for Predators.
2nd period
0:01 of 2nd period - Andrei Loktionov wins face-off versus Ryan Kesler in neutral zone.
0:05 of 2nd period - Off-side.
0:06 of 2nd period - Ryan Kesler wins face-off versus Sergei Plotnikov in neutral zone.
0:23 of 2nd period - Slapshot by Justin Faulk.
0:23 of 2nd period - Stopped by Ondrej Pavelec without a rebound.
0:24 of 2nd period - Jack Eichel wins face-off versus Patrice Cormier in Golden Knights zone.
0:29 of 2nd period - Wrist shot by Brendan Gallagher.
0:29 of 2nd period - Stopped by Ondrej Pavelec without a rebound.
0:30 of 2nd period - Patrice Cormier wins face-off versus Brendan Gallagher in Golden Knights zone.
1:00 of 2nd period - Snap shot by Michael Frolik.
1:00 of 2nd period - Stopped by Viktor Fasth with a rebound.
1:02 of 2nd period - Wrist shot by Wes O'Neill.
1:02 of 2nd period - Stopped by Viktor Fasth with a rebound.
1:04 of 2nd period - Snap shot by Andrei Loktionov.
1:04 of 2nd period - Goal by Andrei Loktionov - Golden Knights : 2 - Predators : 0.
1:05 of 2nd period - Michael Frolik wins face-off versus Ryan Kesler in neutral zone.
1:16 of 2nd period - Minor Penalty to Justin Faulk for Hooking.
1:17 of 2nd period - Jaden Schwartz wins face-off versus Sergei Plotnikov in Predators zone.
1:27 of 2nd period - Snap shot by Michael Frolik.
1:27 of 2nd period - Shot Misses the Net.
1:57 of 2nd period - Slapshot by Zach Bogosian.
1:57 of 2nd period - Stopped by Viktor Fasth with a rebound.
1:59 of 2nd period - Snap shot by Ilya Kovalchuk.
1:59 of 2nd period - Goal by Ilya Kovalchuk - Golden Knights : 3 - Predators : 0.
2:00 of 2nd period - Ryan Kesler wins face-off versus Andrei Loktionov in neutral zone.
2:03 of 2nd period - Andrei Loktionov is hit by Mikael Granlund and loses puck.
2:31 of 2nd period - Slapshot by Zach Bogosian.
2:31 of 2nd period - Deflect By Vladimir Zharkov.
2:31 of 2nd period - Stopped by Viktor Fasth with a rebound.
2:33 of 2nd period - Minor Penalty to Jaden Schwartz for Hooking.
2:34 of 2nd period - Ryan Kesler wins face-off versus Matt Stajan in Predators zone.
2:43 of 2nd period - Brendan Gallagher is hit by Vladimir Zharkov and loses puck.
3:02 of 2nd period - Slapshot by Justin Faulk.
3:02 of 2nd period - Stopped by Ondrej Pavelec without a rebound.
3:03 of 2nd period - Sergei Plotnikov wins face-off versus Jack Eichel in Golden Knights zone.
3:13 of 2nd period - Snap shot by Michael Frolik.
3:13 of 2nd period - Shot Misses the Net.
3:15 of 2nd period - Snap shot by Sergei Plotnikov.
3:15 of 2nd period - Goal by Sergei Plotnikov - Golden Knights : 4 - Predators : 0.
3:15 of 2nd period - Anders Lindback enters game.
3:16 of 2nd period - Andrei Loktionov wins face-off versus Ryan Kesler in neutral zone.
3:23 of 2nd period - Snap shot by Michael Frolik.
3:23 of 2nd period - Stopped by Anders Lindback without a rebound.
3:24 of 2nd period - Ryan Kesler wins face-off versus Andrei Loktionov in Predators zone.
3:37 of 2nd period - Snap shot by Michael Frolik.
3:37 of 2nd period - Shot Blocked by Alexander Ovechkin.
3:39 of 2nd period - Snap shot by Sergei Plotnikov.
3:39 of 2nd period - Deflect By Michael Frolik.
3:39 of 2nd period - Shot Misses the Net.
3:39 of 2nd period - Puck is out of play.
3:40 of 2nd period - Chris Tierney wins face-off versus Jack Eichel in Predators zone.
4:07 of 2nd period - Justin Faulk is hit by Sergei Plotnikov and loses puck.
4:18 of 2nd period - Slapshot by Ryan Kesler.
4:18 of 2nd period - Stopped by Ondrej Pavelec without a rebound.
4:19 of 2nd period - Jack Eichel wins face-off versus Matt Stajan in Golden Knights zone.
4:22 of 2nd period - Slapshot by Jack Eichel.
4:22 of 2nd period - Shot Blocked by Vladimir Zharkov.
5:42 of 2nd period - Vladimir Mihalik is hit by Justin Abdelkader and loses puck.
5:54 of 2nd period - Icing by Nathan Horton.
5:55 of 2nd period - Chris Tierney wins face-off versus Andy Miele in Golden Knights zone.
5:55 of 2nd period - Chris Tierney is hit by Nate Schmidt.
6:11 of 2nd period - Slapshot by Zach Bogosian.
6:11 of 2nd period - Deflect By Nathan Horton.
6:11 of 2nd period - Stopped by Anders Lindback with a rebound.
6:23 of 2nd period - Slapshot by Ryan Kesler.
6:23 of 2nd period - Shot Misses the Net.
7:03 of 2nd period - Snap shot by Chris Higgins.
7:03 of 2nd period - Shot Blocked by Mathew Dumba.
7:05 of 2nd period - Slapshot by Justin Faulk.
7:05 of 2nd period - Stopped by Ondrej Pavelec without a rebound.
7:06 of 2nd period - Andrei Loktionov wins face-off versus Andy Miele in Golden Knights zone.
7:56 of 2nd period - Nathan Horton is hit by Jaden Schwartz and loses puck.
8:30 of 2nd period - Michael Frolik is hit by Byron Bitz and loses puck.
8:55 of 2nd period - Snap shot by Brendan Gallagher.
8:55 of 2nd period - Shot Blocked by Matt Stajan.
9:14 of 2nd period - Slapshot by Jared Cowen.
9:14 of 2nd period - Deflect By Nathan Horton.
9:14 of 2nd period - Shot Misses the Net.
9:14 of 2nd period - Puck is out of play.
9:15 of 2nd period - Jack Eichel wins face-off versus Andrei Loktionov in Predators zone.
9:28 of 2nd period - Wrist shot by Brendan Gallagher.
9:28 of 2nd period - Stopped by Ondrej Pavelec with a rebound.
9:30 of 2nd period - Snap shot by Brendan Gallagher.
9:30 of 2nd period - Shot Misses the Net.
9:36 of 2nd period - Minor Penalty to Sergei Plotnikov for Goalie Interference.
9:37 of 2nd period - Ryan Kesler wins face-off versus Andrei Loktionov in Golden Knights zone.
11:36 of 2nd period - Penalty to Sergei Plotnikov is over, Sergei Plotnikov is back on ice.
12:20 of 2nd period - Slapshot by Zach Bogosian.
12:20 of 2nd period - Shot Blocked by Nate Schmidt.
12:50 of 2nd period - Ryan Kesler is hit by Andrei Loktionov and loses puck.
12:55 of 2nd period - Wrist shot by Michael Frolik.
12:55 of 2nd period - Stopped by Anders Lindback with a rebound.
13:13 of 2nd period - Alexander Ovechkin is hit by Ilya Kovalchuk and loses puck.
13:20 of 2nd period - Mathew Dumba is hit by Alexander Ovechkin and loses puck.
13:33 of 2nd period - Nate Schmidt is hit by Shawn Matthias and loses puck.
13:45 of 2nd period - John Moore is hit by Nathan Horton and loses puck.
14:00 of 2nd period - Snap shot by Thomas Vanek.
14:00 of 2nd period - Shot Misses the Net.
14:08 of 2nd period - Snap shot by Thomas Vanek.
14:08 of 2nd period - Shot Blocked by Byron Bitz.
14:35 of 2nd period - Minor Penalty to Josh Morrissey for Roughing.
14:36 of 2nd period - Jaden Schwartz wins face-off versus Sergei Plotnikov in Predators zone.
14:41 of 2nd period - Slapshot by Justin Faulk.
14:41 of 2nd period - Stopped by Ondrej Pavelec with a rebound.
14:46 of 2nd period - Off-side.
14:47 of 2nd period - Jaden Schwartz wins face-off versus Matt Stajan in neutral zone.
15:23 of 2nd period - Slapshot by Sergei Plotnikov.
15:23 of 2nd period - Shot Misses the Net.
16:07 of 2nd period - Ilya Kovalchuk is hit by Andy Miele and loses puck.
16:35 of 2nd period - Penalty to Josh Morrissey is over, Josh Morrissey is back on ice.
16:55 of 2nd period - Icing by Nate Schmidt.
16:56 of 2nd period - Ryan Kesler wins face-off versus Andrei Loktionov in Predators zone.
17:11 of 2nd period - Slapshot by Wes O'Neill.
17:11 of 2nd period - Stopped by Anders Lindback without a rebound.
17:12 of 2nd period - Chris Tierney wins face-off versus Jack Eichel in Predators zone.
17:47 of 2nd period - Snap shot by Andrei Loktionov.
17:47 of 2nd period - Stopped by Anders Lindback without a rebound.
17:48 of 2nd period - Michael Frolik wins face-off versus Ryan Kesler in Predators zone.
18:11 of 2nd period - Minor Penalty to Vladimir Mihalik for Hooking.
18:12 of 2nd period - Ryan Kesler wins face-off versus Andrei Loktionov in Golden Knights zone.
18:21 of 2nd period - Snap shot by Mikael Granlund.
18:21 of 2nd period - Shot Blocked by Michael Frolik.
18:29 of 2nd period - Wrist shot by Mikael Granlund.
18:29 of 2nd period - Stopped by Ondrej Pavelec with a rebound.
19:07 of 2nd period - John Moore is hit by Andrei Loktionov and loses puck.
19:32 of 2nd period - Michael Kostka is hit by Alexander Ovechkin and loses puck.
Goals for this period are 3 for Golden Knights vs 0 for Predators.
Shots for this period are 12 for Golden Knights vs 8 for Predators.
3rd period
0:01 of 3rd period - Ryan Kesler wins face-off versus Ilya Kovalchuk in neutral zone.
0:05 of 3rd period - Off-side.
0:06 of 3rd period - Ilya Kovalchuk wins face-off versus Ryan Kesler in neutral zone.
0:11 of 3rd period - Penalty to Vladimir Mihalik is over, Vladimir Mihalik is back on ice.
0:19 of 3rd period - Slapshot by Jared Cowen.
0:19 of 3rd period - Shot Misses the Net.
0:23 of 3rd period - Wrist shot by Ilya Kovalchuk.
0:23 of 3rd period - Shot Misses the Net.
0:33 of 3rd period - Vladimir Zharkov is hit by Jack Eichel and loses puck.
0:56 of 3rd period - Slapshot by Sergei Plotnikov.
0:56 of 3rd period - Stopped by Anders Lindback with a rebound.
0:58 of 3rd period - Snap shot by Sergei Plotnikov.
0:58 of 3rd period - Shot Misses the Net.
1:00 of 3rd period - Snap shot by Michael Kostka.
1:00 of 3rd period - Stopped by Anders Lindback with a rebound.
1:02 of 3rd period - Snap shot by Sergei Plotnikov.
1:02 of 3rd period - Shot Misses the Net.
1:12 of 3rd period - Slapshot by Justin Faulk.
1:12 of 3rd period - Deflect By Michael Kostka.
1:12 of 3rd period - Stopped by Ondrej Pavelec with a rebound.
1:14 of 3rd period - Snap shot by Justin Abdelkader.
1:14 of 3rd period - Stopped by Ondrej Pavelec without a rebound.
1:15 of 3rd period - Patrice Cormier wins face-off versus Justin Abdelkader in Golden Knights zone.
1:22 of 3rd period - Snap shot by Alexander Ovechkin.
1:22 of 3rd period - Shot Misses the Net.
1:24 of 3rd period - Snap shot by Justin Abdelkader.
1:24 of 3rd period - Shot Misses the Net.
1:26 of 3rd period - Slapshot by Mark Pysyk.
1:26 of 3rd period - Shot Misses the Net.
1:28 of 3rd period - Wrist shot by Alexander Ovechkin.
1:28 of 3rd period - Stopped by Ondrej Pavelec with a rebound.
1:51 of 3rd period - Jaden Schwartz is hit by Vladimir Zharkov and loses puck.
2:51 of 3rd period - Jaden Schwartz is hit by Mathew Dumba and loses puck.
2:56 of 3rd period - Snap shot by Wayne Simmonds.
2:56 of 3rd period - Stopped by Anders Lindback without a rebound.
2:57 of 3rd period - Matt Stajan wins face-off versus Ryan Kesler in Predators zone.
2:57 of 3rd period - Zach Bogosian is hit by Justin Faulk and loses puck.
3:26 of 3rd period - Ilya Kovalchuk is hit by Justin Faulk.
3:34 of 3rd period - Wrist shot by Ilya Kovalchuk.
3:34 of 3rd period - Goal by Ilya Kovalchuk - Golden Knights : 5 - Predators : 0.
3:35 of 3rd period - Ryan Kesler wins face-off versus Matt Stajan in neutral zone.
3:38 of 3rd period - Wrist shot by Alexander Ovechkin.
3:38 of 3rd period - Shot Blocked by Wes O'Neill.
4:11 of 3rd period - John Moore is hit by Wes O'Neill and loses puck.
4:57 of 3rd period - Slapshot by Zach Bogosian.
4:57 of 3rd period - Deflect By Chris Tierney.
4:57 of 3rd period - Shot Misses the Net.
4:57 of 3rd period - Puck is out of play.
4:58 of 3rd period - Jack Eichel wins face-off versus Matt Stajan in Predators zone.
5:09 of 3rd period - Slapshot by Zach Bogosian.
5:09 of 3rd period - Shot Blocked by Justin Faulk.
5:13 of 3rd period - Snap shot by Matt Stajan.
5:13 of 3rd period - Shot Blocked by Ryan Mcdonagh.
5:20 of 3rd period - Icing by Ryan Mcdonagh.
5:21 of 3rd period - Ryan Kesler wins face-off versus Andrei Loktionov in Predators zone.
5:21 of 3rd period - Ryan Kesler is hit by Mathew Dumba.
5:44 of 3rd period - Ryan Mcdonagh is hit by Sergei Plotnikov and loses puck.
5:53 of 3rd period - Wrist shot by Andrei Loktionov.
5:53 of 3rd period - Stopped by Anders Lindback with a rebound.
5:55 of 3rd period - Snap shot by Sergei Plotnikov.
5:55 of 3rd period - Golden Knights goal is going for a video replay.
5:55 of 3rd period - The goal is good.
5:55 of 3rd period - Goal by Sergei Plotnikov - Golden Knights : 6 - Predators : 0.
5:56 of 3rd period - Matt Stajan wins face-off versus Jack Eichel in neutral zone.
5:59 of 3rd period - Slapshot by Jared Cowen.
5:59 of 3rd period - Shot Misses the Net.
6:32 of 3rd period - Slapshot by Wayne Simmonds.
6:32 of 3rd period - Stopped by Anders Lindback with a rebound.
7:10 of 3rd period - Snap shot by Andrei Loktionov.
7:10 of 3rd period - Stopped by Anders Lindback without a rebound.
7:11 of 3rd period - Andrei Loktionov wins face-off versus Ryan Kesler in Predators zone.
7:15 of 3rd period - Minor Penalty to Ryan Kesler for Holding.
7:16 of 3rd period - Jaden Schwartz wins face-off versus Sergei Plotnikov in Predators zone.
7:42 of 3rd period - Justin Faulk is hit by Ilya Kovalchuk and loses puck.
7:47 of 3rd period - Slapshot by Zach Bogosian.
7:47 of 3rd period - Shot Blocked by Jaden Schwartz.
7:49 of 3rd period - Wrist shot by Matt Stajan.
7:49 of 3rd period - Shot Misses the Net.
7:51 of 3rd period - Slapshot by Jared Cowen.
7:51 of 3rd period - Deflect By Matt Stajan.
7:51 of 3rd period - Stopped by Anders Lindback with a rebound.
9:15 of 3rd period - Penalty to Ryan Kesler is over, Ryan Kesler is back on ice.
9:15 of 3rd period - Sergei Plotnikov is hit by Alexander Ovechkin and loses puck.
9:30 of 3rd period - Ryan Kesler is hit by Wes O'Neill and loses puck.
9:43 of 3rd period - Snap shot by Jaden Schwartz.
9:43 of 3rd period - Stopped by Ondrej Pavelec without a rebound.
9:44 of 3rd period - Andy Miele wins face-off versus Ilya Kovalchuk in Golden Knights zone.
9:51 of 3rd period - Wrist shot by Chris Higgins.
9:51 of 3rd period - Shot Misses the Net.
9:55 of 3rd period - Snap shot by Byron Bitz.
9:55 of 3rd period - Shot Blocked by Wes O'Neill.
9:57 of 3rd period - Wrist shot by Chris Higgins.
9:57 of 3rd period - Shot Misses the Net.
9:59 of 3rd period - Snap shot by Andy Miele.
9:59 of 3rd period - Stopped by Ondrej Pavelec with a rebound.
10:14 of 3rd period - Nik Antropov is hit by Wes O'Neill and loses puck.
10:46 of 3rd period - Slapshot by Zach Bogosian.
10:46 of 3rd period - Shot Misses the Net.
11:12 of 3rd period - Josh Morrissey is hit by Nathan Horton and loses puck.
12:16 of 3rd period - Ryan Mcdonagh is hit by Wayne Simmonds and loses puck.
12:35 of 3rd period - Slapshot by Jared Cowen.
12:35 of 3rd period - Shot Blocked by Nate Schmidt.
12:37 of 3rd period - Wrist shot by Nathan Horton.
12:37 of 3rd period - Goal by Nathan Horton - Golden Knights : 7 - Predators : 0.
12:38 of 3rd period - Ryan Kesler wins face-off versus Matt Stajan in neutral zone.
12:43 of 3rd period - Wrist shot by Alexander Ovechkin.
12:43 of 3rd period - Stopped by Ondrej Pavelec without a rebound.
12:44 of 3rd period - Ryan Kesler wins face-off versus Matt Stajan in Golden Knights zone.
12:47 of 3rd period - Wrist shot by Alexander Ovechkin.
12:47 of 3rd period - Shot Blocked by Michael Kostka.
12:49 of 3rd period - Snap shot by Ryan Kesler.
12:49 of 3rd period - Deflect By Mikael Granlund.
12:49 of 3rd period - Stopped by Ondrej Pavelec with a rebound.
12:51 of 3rd period - Slapshot by John Moore.
12:51 of 3rd period - Shot Blocked by Michael Kostka.
12:53 of 3rd period - Snap shot by Mikael Granlund.
12:53 of 3rd period - Shot Blocked by Matt Stajan.
12:55 of 3rd period - Snap shot by John Moore.
12:55 of 3rd period - Deflect By Alexander Ovechkin.
12:55 of 3rd period - Goal by Alexander Ovechkin - Golden Knights : 7 - Predators : 1.
12:56 of 3rd period - Matt Stajan wins face-off versus Ryan Kesler in neutral zone.
13:10 of 3rd period - Penalty Shot by Thomas Vanek for Golden Knights.
13:10 of 3rd period - Backhand shot by Thomas Vanek.
13:10 of 3rd period - Shot Misses the Net.
13:11 of 3rd period - Andrei Loktionov wins face-off versus Ryan Kesler in Golden Knights zone.
14:11 of 3rd period - Wrist shot by Byron Bitz.
14:11 of 3rd period - Shot Misses the Net.
14:55 of 3rd period - Jaden Schwartz is hit by Mathew Dumba and loses puck.
15:14 of 3rd period - Wrist shot by Matt Stajan.
15:14 of 3rd period - Shot Misses the Net.
15:16 of 3rd period - Slapshot by Mathew Dumba.
15:16 of 3rd period - Deflect By Vladimir Zharkov.
15:16 of 3rd period - Shot Misses the Net.
15:16 of 3rd period - Puck is out of play.
15:17 of 3rd period - Andy Miele wins face-off versus Patrice Cormier in Predators zone.
15:17 of 3rd period - Andy Miele is hit by Ilya Kovalchuk.
15:27 of 3rd period - Snap shot by Patrice Cormier.
15:27 of 3rd period - Shot Blocked by Nate Schmidt.
15:29 of 3rd period - Snap shot by Wayne Simmonds.
15:29 of 3rd period - Shot Misses the Net.
15:31 of 3rd period - Snap shot by Patrice Cormier.
15:31 of 3rd period - Goal by Patrice Cormier - Golden Knights : 8 - Predators : 1.
15:32 of 3rd period - Matt Stajan wins face-off versus Ryan Kesler in neutral zone.
15:34 of 3rd period - Off-side.
15:35 of 3rd period - Matt Stajan wins face-off versus Ryan Kesler in neutral zone.
16:24 of 3rd period - Slapshot by Andy Miele.
16:24 of 3rd period - Stopped by Ondrej Pavelec without a rebound.
16:25 of 3rd period - Andy Miele wins face-off versus Matt Stajan in Golden Knights zone.
16:36 of 3rd period - Zach Bogosian is hit by Mark Pysyk and loses puck.
16:57 of 3rd period - Wrist shot by Chris Higgins.
16:57 of 3rd period - Stopped by Ondrej Pavelec without a rebound.
16:58 of 3rd period - Andrei Loktionov wins face-off versus Ryan Kesler in Golden Knights zone.
17:05 of 3rd period - Slapshot by Michael Frolik.
17:05 of 3rd period - Shot Misses the Net.
17:07 of 3rd period - Wrist shot by Andrei Loktionov.
17:07 of 3rd period - Stopped by Anders Lindback with a rebound.
17:09 of 3rd period - Wrist shot by Michael Frolik.
17:09 of 3rd period - Shot Blocked by Justin Faulk.
17:48 of 3rd period - Mark Pysyk is hit by Wayne Simmonds and loses puck.
18:08 of 3rd period - Double Minor Penalty to John Moore for High sticking.
18:09 of 3rd period - Michael Frolik wins face-off versus Jaden Schwartz in Predators zone.
18:09 of 3rd period - Snap shot by Sergei Plotnikov.
18:09 of 3rd period - Stopped by Anders Lindback with a rebound.
18:11 of 3rd period - Slapshot by Mathew Dumba.
18:11 of 3rd period - Deflect By Michael Frolik.
18:11 of 3rd period - Stopped by Anders Lindback with a rebound.
18:13 of 3rd period - Snap shot by Michael Frolik.
18:13 of 3rd period - Stopped by Anders Lindback without a rebound.
18:14 of 3rd period - Sergei Plotnikov wins face-off versus Jaden Schwartz in Predators zone.
18:52 of 3rd period - Minor Penalty to Ryan Mcdonagh for Holding.
18:53 of 3rd period - Jaden Schwartz wins face-off versus Sergei Plotnikov in Predators zone.
Goals for this period are 4 for Golden Knights vs 1 for Predators.
Shots for this period are 15 for Golden Knights vs 10 for Predators.